 Dungeon Crawl Stone Soup version 0.32-a0-306-gfed3edf829 (webtiles) character file.

Game seed: 44486447177527794

85 n00bmints the Cudgeller (level 4, 0/41 HPs)
             Began as a Minotaur Berserker on Feb 15, 2024.
             Was a Believer of Trog.
             Slain by an adder (1 damage)
             ... on level 2 of the Dungeon.
             The game lasted 00:04:53 (914 turns).

n00bmints the Cudgeller (Minotaur Berserker)         Turns: 914, Time: 00:04:55

Health: 0/41       AC:  2    Str: 24    XL:     4   Next: 25%
Magic:  3/3        EV:  9    Int:  4    God:    Trog [**....]
Gold:   23         SH:  0    Dex:  9    Spells: 3/3 levels left

rFire   . . .        a - +0 mace
rCold   . . .        (no shield)
rNeg    . . .        b - +0 animal skin
rPois   .            (helmet restricted)
rElec   .            (no cloak)
rCorr   .            (no gloves)
SInv    .            (no boots)
Will    .....        (no amulet)
Stlth   +            (no ring)
HPRegen 0.26/turn    (no ring)
MPRegen 0.08/turn

%: no passive effects
@: lethally poisoned (0 -> -3), on berserk cooldown, slowed, constricted, very
slow
A: horns 2, retaliatory headbutt
a: Renounce Religion, Berserk, Trog's Hand


You were on level 2 of the Dungeon.
You worshipped Trog.
Trog was pleased with you.
You visited 1 branch of the dungeon, and saw 2 of its levels.

You collected 23 gold pieces.

Inventory:

Hand Weapons
 a - a +0 mace (weapon)
 i - a -3 hand axe of flaming
Armour
 b - a +0 animal skin (worn)
Talismans
 h - a flux talisman
Scrolls
 d - 2 scrolls of noise {unknown}
 e - 2 scrolls of identify {unknown}
 g - 2 scrolls of blinking {unknown}
Potions
 c - a potion of berserk rage {unknown}
 f - 2 potions of heal wounds {unknown}


   Skills:
 * Level 4.6 Fighting
 * Level 4.8 Maces & Flails
 * Level 2.8 Armour
 + Level 2.7 Dodging
 + Level 0.2 Stealth


You had 3 spell levels left.
You didn't know any spells.
Your spell library was empty.

Dungeon Overview and Level Annotations

Branches:
Dungeon (2/15)

Altars:


Innate Abilities, Weirdness & Mutations

You have a pair of horns on your head.
You reflexively headbutt those who attack you in melee.


Message History

You sock the jackal!
You kill the jackal!
Trog accepts your kill.
You feel sick.
You see here a jackal corpse.
You feel a strong urge to attack something.
You feel sick.
You are too berserk!
You are no longer berserk.
You are exhausted.
You feel yourself slow down.
You feel sick.
You are no longer poisoned.
A gnoll comes into view. It is wielding a +0 whip.
The gnoll moves out of view.
An adder comes into view.
A ball python comes into view.
The ball python hisses angrily.
The adder hisses angrily.
You miss the adder. The adder bites you but does no damage.
The adder bites you.
* * * LOW HITPOINT WARNING * * *
The adder closely misses you.
You miss the adder. The adder bites you.
* * * LOW HITPOINT WARNING * * *
The adder barely misses you.
You sock the adder!
The adder is heavily wounded.
The ball python bites you.
* * * LOW HITPOINT WARNING * * *
The ball python barely misses you. The adder bites you but does no damage.
The ball python bites you but does no damage.
The ball python grabs you. The ball python constricts you. The adder bites you.
* * * LOW HITPOINT WARNING * * *
You are lethally poisoned!
The adder poisons you!
You miss the adder.
The adder is heavily wounded.
* * * LOW HITPOINT WARNING * * *
You feel sick. The adder closely misses you.
The ball python closely misses you. The ball python constricts you.
The adder bites you.
You die...

## ## # .#. .#
.## .... #. ...
... .. #
..##.####.
#.#.#..##..
#.#.##.##S#
####....#_##@#
.....#..#..#S#
#........†))###
######...†..).###
#<#..###...#
#....# ###....#
#..##..# #....#
....###.#
..##.... .##..#
.# .## ####


You could see an adder and a ball python.

Vanquished Creatures
  2 gnolls (D:2)
  An adder (D:2)
  A ribbon worm (D:2)
  3 ball pythons (D:1)
  A bat (D:1)
  5 endoplasms
  2 goblins
  3 hobgoblins
  3 jackals (D:2)
  3 quokkas (D:1)
  2 frilled lizards (D:1)
  2 kobolds (D:1)
  3 rats (D:1)
31 creatures vanquished.

Notes
Turn   | Place    | Note
-------+----------+-------------------------------------------
     0 | D:1      | n00bmints the Minotaur Berserker began the quest for the
                  | Orb.
     0 | D:1      | Reached XP level 1. HP: 19/19 MP: 0/0
    65 | D:1      | Reached XP level 2. HP: 27/27 MP: 1/1
   412 | D:1      | Reached XP level 3. HP: 30/33 MP: 2/2
   825 | D:2      | Found a faded altar of an unknown god.
   882 | D:2      | Reached XP level 4. HP: 17/41 MP: 3/3
   895 | D:2      | Reached ** piety under Trog
   913 | D:2      | HP: 2/41 [adder (1)]
   914 | D:2      | Slain by an adder

Illustrated notes

Levels and vault maps discovered:
D:1:      scummos_arrival_star, layout_basic
D:2:      layout_rooms, ebering_ecumenical_altar_rust, basic_altar,
          guppyfry_early_orc_mine

Skill      XL: |  1  2 |
---------------+-------+-----
Maces & Flails | 4 |  4.8
Fighting       | 4 |  4.6
Armour         | |  2.8
Dodging        | |  2.7
Stealth        | |  0.2

Action                     |  1- 3 |  4- 6 || total
---------------------------+-------+-------++-------
  Melee: Mace              |    49 |    14 ||    63
         Headbutt          |     4 |       ||     4
 Invoke: Berserk           |       |     1 ||     1
 Armour: Animal skin       |    24 |    12 ||    36
  Dodge: Dodged            |    52 |    21 ||    73

Table legend: (Time is in decaauts)
 A = Elapsed time spent in this place.
 B = Non-inter-level travel time spent in this place.
 C = Inter-level travel time spent in this place.
 D = Time resting spent in this place.
 E = Time spent auto-exploring this place.
 F = Levels seen in this place.
 G = Mean time per level.
                   A        B        C        D        E       F      G
               +--------+--------+--------+--------+--------+-----+--------+
         Total |    928 |    923 |      5 |      0 |    415 |   2 |  464.0 |
       Dungeon |    928 |    923 |      5 |      0 |    415 |   2 |  464.0 |
               +--------+--------+--------+--------+--------+-----+--------+

Top non-repeatable levels by time:
     D:1: 832 daAuts
     D:2: 96 daAuts
